Unix NetHack Version 5.0.0-0 post-release - last build Jun 10 2026 00:39:30 (3ee93aec679c4c4259841fe613dc97188e26a321,branch:main).

Game began 2026-06-11 23:31:02, ended 2026-06-12 10:11:59.

Ch3Begorrah, chaotic female human Rogue

                                ------  -----
                                |....|  |...|
                                |+)?d----...|
                                |.+.%.c..Q..|
                                |..---?---..|
                                |---------.---
                                |.^.^.<|.....|
                                |..----|.....|
                                --.|   |.[...|
                                 |^-----.....|
                                 |.....^.....|
                                 |..----------
                                 ----

Ch3Begorrah the Rogue   St:14 Dx:18 Co:16 In:9 Wi:10 Ch:9  Chaotic
Dlvl:7  $:212 HP:0(46) Pw:33(33) AC:5  Xp:6 T:5198  Hallu

Latest messages:
 The dagger hits the soldier ant.
 The rock piercer picks up a melon.
 The stain vortex bites!
 The lynx bites again!
 The giant spider's bite was poisoned!
 The poison doesn't seem to affect you.
 In what direction? h
 You throw 2 daggers.
 The 1st dagger hits the leocrotta.
 The 2nd dagger hits the Flying Spaghetti Monster.
 The baby silver dragon bites!
 The aquator misses!
 The killer bee bites!
 The glass golem bites again!
 In what direction? h
 You throw 2 daggers.
 The 1st dagger hits the aquator.
 The 2nd dagger hits the ki-rin.
 The leather golem bites!
 The tengu bites again!
 The energy vortex bites!
 The grant beetle bites again!
 In what direction? h
 The dagger hits the diagonally moving grid bug!
 The genetic engineer bites!
 The long worm bites again!
 The baby black dragon bites!
 The Grey-elf bites again!
 In what direction? h
 You throw 3 daggers.
 The 1st dagger hits the flesh golem.
 The 2nd dagger hits the yellow dragon.
 The 3rd dagger hits the hag of bolding.
 You kill the green slide!
 p - 8 +0 daggers (at the ready).
 p - a +0 dagger (at the ready) (9 in total).
 You see here a food ration.
 You already found a monster.  Use 'm' prefix to force another search.
 You see here a food ration.
 The wraith bites!
 The praying mantis stings!
 In what direction? l
 You throw 3 daggers.
 The 1st dagger hits the glass piercer.
 The 2nd dagger hits the yellow mold.
 The 3rd dagger hits the gnu!
 The orc-captain bites!
 The baby red dragon stings!
 You die...
 Do you want your possessions identified? [ynq] (y) q

Inventory:
 Coins    ('$')
  $ - 212 gold pieces
 Weapons  (')')
  p - 6 +0 daggers (at the ready)
  T - a blessed +1 long sword (weapon in right hand)
 Armor    ('[')
  J - an uncursed +0 orcish helm (being worn)
  N - an uncursed +0 pair of iron shoes (being worn)
  m - a cursed -1 elven shield (being worn)
  n - an uncursed +0 alchemy smock with text "I am an alchemist; if you see me running, try to catch up..." (being worn)
  I - an uncursed +0 dwarvish cloak
 Comestibles  ('%')
  v - 5 uncursed food rations
  y - an uncursed orange
  X - an uncursed lichen corpse
 Scrolls  ('?')
  a - an uncursed scroll of create monster
  l - 2 uncursed scrolls of earth
  K - an uncursed scroll of fire
 Rings    ('=')
  k - an uncursed ring of free action
  O - an uncursed ring of invisibility (on right hand)
  o - a cursed ring of teleportation named cursed
 Wands    ('/')
  j - a wand of lightning (0:8)
  c - a wand of lightning (0:7)
  d - a wand of lightning (0:6)
 Tools    ('(')
  f - an uncursed sack containing 4 items
  Q - an uncursed brass lantern
  Y - an uncursed leash
  e - an uncursed lock pick
  P - an uncursed lock pick
  t - an uncursed magic whistle
  i - an uncursed oil lamp
  R - a tinning kit (0:45)
  L - an uncursed towel named ok
  q - a +0 unicorn horn
 Gems/Stones  ('*')
  g - 2 uncursed worthless pieces of green glass
  w - an uncursed worthless piece of white glass

Contents of the sack:
  3 uncursed scrolls of blank paper named ok
  2 uncursed scrolls of enchant armor
  an uncursed scroll of remove curse
  an uncursed scroll of taming

Ch3Begorrah the Rogue's attributes:

Background:
 You were a Rogue, level 6 female human.
 You were chaotic, nominally on a mission for Kos
 who was opposed by Issek (lawful) and Mog (neutral).
 You started out male.
 You were right-handed.
 You were in Sokoban, on level 7.
 You entered the dungeon 5198 turns ago.
 You had 601 experience points, 39 more were needed to attain level 7.

Basics:
 You had 0 out of 46 hit points.
 You had all 33 energy points (spell power).
 Your armor class was 5.
 Your wallet contained 212 spacebucks.
 Autopickup was on for '$!/(' plus thrown, with exceptions.

Final Characteristics:
 Your strength was 14 (limit:18/100).
 Your dexterity was 18 (limit:18).
 Your constitution was 16 (limit:18).
 Your intelligence was 9 (limit:18).
 Your wisdom was 10 (limit:18).
 Your charisma was 9 (limit:18).

Final Status:
 You were hallucinating.
 You weren't hungry.
 You were unencumbered.
 You were wielding a long sword.
 You had basic skill with long sword.

Final Attributes:
 You were piously aligned.
 You were poison resistant.
 You were acid resistant.
 Your items were protected from acid.
 You were invisible.
 You were stealthy.
 You were warded.
 You are dead.

Miscellaneous:
 You didn't encounter any bones levels.
 Total elapsed playing time was 57 minutes and 42 seconds.

Major events:
 Turn
    1: Ch3Begorrah the chaotic male human Rogue entered the dungeon
  476: entered the Gnomish Mines
  494: attained the rank of Cutpurse (level 3)
 3315: attained the rank of Rogue (level 6)
 4583: entered Sokoban
 5198: killed by a hallucinogen-distorted soldier ant

You didn't know any spells.

Skills:
 Fighting Skills
   bare handed combat [Unskilled]
   two weapon combat  [Unskilled]
   riding             [Unskilled]
 Weapon Skills
   dagger             [Skilled]
   knife              [Unskilled]
   short sword        [Basic]
   broadsword         [Unskilled]
   long sword         [Basic]
   two-handed sword   [Unskilled]
   saber              [Unskilled]
   club               [Unskilled]
   mace               [Unskilled]
   morning star       [Unskilled]
   flail              [Unskilled]
   hammer             [Unskilled]
   polearms           [Unskilled]
   spear              [Unskilled]
   crossbow           [Unskilled]
   dart               [Unskilled]
   shuriken           [Unskilled]
 Spellcasting Skills
   divination spells  [Unskilled]
   escape spells      [Unskilled]
   matter spells      [Unskilled]

Voluntary challenges:
 Character rerolling was not enabled.
 You followed a strict vegan diet.
 You were an atheist.
 You never genocided any monsters.
 You never polymorphed an object.
 You never changed form.
 You used no wishes.
 You did not violate any of the special Sokoban rules.
Achievements:
 You entered the Gnomish Mines.
 You attained the rank of Cutpurse.
 You entered a shop.
 You attained the rank of Rogue.
 You entered Sokoban.

 The Dungeons of Doom: levels 1 to 8
    Level 1:
    Level 2:
       A fountain.
       Stairs down to The Gnomish Mines.
    Level 3:
       A tool shop.
    Level 4:
       An altar, some fountains.
    Level 5:
       A general store, a fountain.
    Level 6:
       A weapon shop.
    Level 7:
       Many fountains.
       Oracle of Delphi.
    Level 8:
       A throne, a fountain.
       Stairs up to Sokoban, level 7.
 The Gnomish Mines:
    Level 3:
 Sokoban:
    Level 7: <- You were here.
       Unsolved.
       Final resting place for
          you, killed by a hallucinogen-distorted soldier ant.


Vanquished creatures:
  2 small mimics
  a giant beetle
  a vampire bat
  a gold golem
  a lizard
  a dingo
  a white unicorn
  a raven
  a Woodland-elf
  a wood nymph
  2 Mordor orcs
 an orc shaman
  a fog cloud
  3 yellow lights
  a shrieker
  a violet fungus
  a gnome leader
  4 elf zombies
  a ghoul
  a paper golem
  a baby crocodile
  a giant ant
  a floating eye
  a kitten
  2 dwarves
  a kobold leader
  5 rothes
  2 monkeys
  a wererat
  3 werejackals
  3 iguanas
 an acid blob
  a gas spore
  a hobbit
  a large kobold
  a hobgoblin
  2 green molds
  a red mold
  a gnome
  7 garter snakes
  9 geckos
  4 jackals
  a fox
  4 kobolds
  2 goblins
  2 grid bugs
  2 bats
  3 lichens
  2 kobold zombies
  8 newts
101 creatures vanquished.

No species were genocided or became extinct.

Game over:
                       ----------
                      /          \
                     /    REST    \
                    /      IN      \
                   /     PEACE      \
                  /                  \
                  |   Ch3Begorrah    |
                  |      212 Au      |
                  |   killed by a    |
                  | hallucinogen-dis |
                  |  torted soldier  |
                  |       ant        |
                  |       2026       |
                 *|     *  *  *      | *
        _________)/\\_//(\/(/\)/\//\/|_)_______

Goodbye Ch3Begorrah the Rogue...

You died in Sokoban on dungeon level 7 with 3045 points,
and 212 pieces of gold, after 5198 moves.
You were level 6 with a maximum of 46 hit points when you died.

